 Dungeon Crawl Stone Soup version 0.25.0-1-g7eea58d2a3 (webtiles) character file.

Game seed: 7408444255868815126

9305 Delamore the Bludgeoner (level 11, 0/66 HPs)
             Began as a Gargoyle Fighter on June 14, 2020.
             Was a High Priest of Okawaru.
             Slain by a minotaur
             ... wielding the cursed +1 rapier of the Fool {venom, rElec Stlth+}
              (18 damage)
             ... in a Gauntlet.
             The game lasted 00:17:51 (12849 turns).

Delamore the Bludgeoner (Gargoyle Fighter)         Turns: 12849, Time: 00:17:52

Health: 0/66       AC: 22    Str: 25    XL:     11   Next: 44%
Magic:  11/11      EV: 12    Int:  5    God:    Okawaru [*****.]
Gold:   3149       SH:  4    Dex: 10    Spells: 10/10 levels left

rFire    + . .     SeeInvis +   J - +10 hand axe "Teestres" {elec, MR+++ Str+2 Dex-5 Stlth+}
rCold    + + .     Gourm    .   x - +0 buckler
rNeg     + . .     Faith    +   v - +1 ring mail {rC+}
rPois    ∞         Spirit   .   h - +2 hat
rElec    +         Reflect  .   j - +0 cloak
rCorr    .         Harm     .   L - +1 pair of gloves {archery}
MR       +++..     NoTele   +   m - +1 pair of boots
Stlth    +.........             a - amulet "Worotahy" {Faith rF+ Int-4 Dex+6 SInv}
HPRegen  0.21/turn              b - ring of protection from cold
MPRegen  0.12/turn              l - ring of see invisible

@: mighty, berserk cooldown, slowed, very slow
A: negative energy resistance 1, electricity resistance, unbreathing,
petrification resistance, rot immunity, AC +8
a: Heroism, Finesse, Renounce Religion


You were in a Gauntlet.
You worshipped Okawaru.
Okawaru was extremely pleased with you.
You were not hungry.

You visited 2 branches of the dungeon, and saw 12 of its levels.
You also visited: Gauntlet.

You collected 3149 gold pieces.

Inventory:

Hand Weapons
 y - a +2 mace of protection
 E - a +3 vorpal mace
 J - the +10 hand axe "Teestres" (weapon) {elec, MR+++ Str+2 Dex-5 Stlth+}
   (You found it on level 10 of the Dungeon)

   Occasionally, upon striking a foe, it will discharge some electrical energy
   and cause terrible harm.
   It affects your strength (+2).
   It affects your dexterity (-5).
   It affects your resistance to hostile enchantments.
   It makes you more stealthy.
Missiles
 C - 3 atropa-tipped darts (quivered)
Armour
 h - a +2 hat (worn)
 j - a +0 cloak (worn)
 m - a +1 pair of boots (worn)
 v - a +1 ring mail of cold resistance (worn)
 x - a +0 buckler (worn)
 L - a +1 pair of gloves of archery (worn)
Jewellery
 a - the amulet "Worotahy" (around neck) {Faith rF+ Int-4 Dex+6 SInv}
   (You acquired it on level 11 of the Dungeon)

   [amulet of faith]

   It allows you to gain divine favour quickly.
   It affects your intelligence (-4).
   It affects your dexterity (+6).
   It protects you from fire.
   It lets you see invisible.
 b - a ring of protection from cold (left hand)
 l - a ring of see invisible (right hand)
 A - an uncursed amulet of regeneration
 F - an uncursed ring of protection from cold
Wands
 s - a wand of digging (8)
 t - a wand of iceblast (5)
 w - a wand of clouds (4)
 I - a wand of acid (8)
Scrolls
 e - 4 scrolls of teleportation
 g - 2 scrolls of enchant weapon
 k - 11 scrolls of identify
 o - 2 scrolls of blinking
 q - a scroll of enchant armour
 r - 2 scrolls of amnesia
 u - 3 scrolls of remove curse
 B - a scroll of fear {unknown}
Potions
 c - a potion of cancellation {unknown}
 d - 3 potions of might
 i - 2 potions of berserk rage
 n - 3 potions of haste
 p - a potion of resistance
 z - 2 potions of mutation {unknown}
 D - a potion of curing
 G - 2 potions of flight {unknown}
 H - 2 potions of heal wounds {unknown}
 K - a potion of stabbing
Comestibles
 f - 21 rations


   Skills:
 + Level 6.8 Fighting
 - Level 15.1 Maces & Flails
 - Level 3.2 Armour
 + Level 4.3 Dodging
 - Level 3.2 Shields


You had 10 spell levels left.
You didn't know any spells.
Your spell library was empty.

Dungeon Overview and Level Annotations

Branches:
Dungeon (11/15)            Temple (1/1) D:5            Lair (0/6) D:9
Gauntlet (1/1)
    Orc: D:9-12

Altars:
Ashenzari
Cheibriados
Dithmenos
Elyvilon
Fedhas
Gozag
Hepliaklqana
Kikubaaqudgha
Makhleb
Nemelex Xobeh
Okawaru
Qazlal
Ru
Sif Muna
Trog
Uskayaw
Vehumet
Wu Jian
Xom
Yredelemnul
Zin
The Shining One

Shops:
D:8 *

Annotations:
Gauntlet 4 transporters


Innate Abilities, Weirdness & Mutations

You are resistant to torment.
Your stone body is resilient. (AC +8)
You are immune to poison.
You resist negative energy. (rN+)
You are resistant to electric shocks. (rElec)
You can survive without breathing.
You are immune to petrification.
You are immune to rotting.


Message History

The minotaur headbutts you.
The minotaur is severely wounded.
The minotaur closely misses you. The minotaur gores you.
Okay, then.
Press: ? - help, v - describe, . - travel
Here: a minotaur, wielding the +1 rapier of the Fool {venom, rElec Stlth+}, wearing a +0 chain mail and quivering 10 silver javelins (severely wounded)
The floor, spattered with blood.
You feel very mighty all of a sudden.
The minotaur drinks a potion.
The minotaur is healed!
You slash the minotaur!
The minotaur is severely wounded.
The minotaur misses you. x2
You slash the minotaur!
The minotaur is severely wounded.
You block the minotaur's attack. The minotaur gores you!
* * * LOW HITPOINT WARNING * * *
You hit the minotaur.
The minotaur is severely wounded.
The minotaur hits you with the cursed +1 rapier of the Fool {venom, rElec Stlth+}!!
You die...

$#..#≈8≈# ©#..#...#
[#..#.8.#
?#..#...#############
.#..#.8.##..........#
Z#..#...##.########.#
##§.#...##.#......#.#
..§≈#.©.##.#.####.#.#
.§.∩#......#.#∩H@.#.#
.§.≈#.©.####.######.#
##..#...# #........#
.#..#...# ##########
.#..#.8.# .#..#...#
.#..#.8.# ©#..#.§§#
.#..#≈8≈#


You could see a minotaur.

Vanquished Creatures
  Erolcha (D:9)
  A fire crab (Gauntlet)
  A sixfirhy (Gauntlet)
  A wizard (Gauntlet)
  2 ugly things (D:11)
  A hornet (D:11)
  3 hippogriffs
  A vampire (D:10)
  A shadow (D:11)
  4 fire bats (Gauntlet)
  A wyvern (D:10)
  A hungry ghost (D:8)
  4 ice beasts
  2 orc warriors
  2 sky beasts
  2 eyes of draining
  A phantom (D:5)
  3 black bears
  7 ogres
  A big kobold (D:9)
  3 bullfrogs
  A gnoll sergeant (D:5)
  2 scorpions
  5 killer bees
  3 wights (D:6)
  2 howler monkeys
  3 jellies
  3 crimson imps
  6 hounds
  4 bullfrog skeletons
  5 orc priests
  Jessica (D:2)
  6 iguanas
  6 orc wizards
  4 worker ants
  3 hound zombies
  3 hound skeletons
  Robin (D:3)
  23 gnolls
  12 adders
  6 shadow imps
  A white imp (Gauntlet)
  4 ufetubi (Gauntlet)
  2 oozes
  An adder skeleton (D:5)
  7 dart slugs
  3 leopard geckos
  19 orcs
  A ball python (D:1)
  8 bats
  3 giant cockroaches
  18 goblins
  4 hobgoblins
  6 jackals
  7 kobolds
  8 quokkas
  3 frilled lizards
  A jackal skeleton (D:6)
  A jackal zombie (D:6)
  A leopard gecko zombie (D:5)
  A quokka skeleton (D:7)
  8 rats
  A demonic plant (Gauntlet)
250 creatures vanquished.

Vanquished Creatures (others)
  2 demonic plants (Gauntlet)
2 creatures vanquished.

Grand Total: 252 creatures vanquished

Notes
Turn   | Place    | Note
-------+----------+-------------------------------------------
     0 | D:1      | Delamore the Gargoyle Fighter began the quest for the Orb.
     0 | D:1      | Reached XP level 1. HP: 14/14 MP: 1/1
    95 | D:1      | Reached XP level 2. HP: 10/19 MP: 2/2
   501 | D:1      | Reached skill level 3 in Maces & Flails
   584 | D:1      | Reached XP level 3. HP: 19/23 MP: 3/3
   981 | D:2      | Reached skill level 4 in Maces & Flails
  1037 | D:2      | Reached XP level 4. HP: 28/28 MP: 4/4
  1081 | D:2      | Noticed Jessica
  1092 | D:2      | Killed Jessica
  1294 | D:2      | Found a snail-covered altar of Cheibriados.
  1324 | D:2      | Reached skill level 5 in Maces & Flails
  1324 | D:2      | Reached XP level 5. HP: 32/32 MP: 5/5
  2230 | D:3      | Noticed Robin
  2456 | D:2      | Reached skill level 6 in Maces & Flails
  2501 | D:2      | Reached XP level 6. HP: 23/37 MP: 6/6
  2629 | D:3      | Killed Robin
  3571 | D:4      | Reached skill level 7 in Maces & Flails
  3629 | D:4      | Found a sparkling altar of Nemelex Xobeh.
  3779 | D:4      | Reached XP level 7. HP: 41/41 MP: 7/7
  4500 | D:4      | Reached skill level 8 in Maces & Flails
  4563 | D:5      | Entered Level 5 of the Dungeon
  5073 | D:5      | Found a staircase to the Ecumenical Temple.
  5124 | Temple   | Entered the Ecumenical Temple
  5302 | Temple   | Became a worshipper of Warmaster Okawaru
  5572 | D:5      | Reached skill level 9 in Maces & Flails
  5572 | D:5      | Reached XP level 8. HP: 46/46 MP: 8/8
  6592 | D:6      | Found an ancient bone altar of Kikubaaqudgha.
  6866 | D:6      | Reached skill level 10 in Maces & Flails
  6888 | D:6      | Got a steaming trident
  6889 | D:6      | Identified the +7 trident of Excruciating Pain {flame,
                  | rN++} (You found it on level 6 of the Dungeon)
  7237 | D:6      | Reached * piety under Okawaru
  7493 | D:6      | Found a shimmering blue altar of Sif Muna.
  7706 | D:6      | Found a shadowy altar of Dithmenos.
  7746 | D:7      | Reached skill level 11 in Maces & Flails
  7856 | D:7      | You fall into a shaft and drop 2 floors!
  7856 | D:9      | Noticed Erolcha
  7865 | D:9      | Killed Erolcha
  7865 | D:9      | Reached ** piety under Okawaru
  7865 | D:9      | Reached skill level 12 in Maces & Flails
  7865 | D:9      | Reached XP level 9. HP: 7/51 MP: 9/9
  8137 | D:9      | Reached *** piety under Okawaru
  8758 | D:8      | Reached skill level 13 in Maces & Flails
  8959 | D:7      | Found a burning altar of Makhleb.
  8959 | D:7      | Found a bloodstained altar of Trog.
  8964 | D:7      | Reached XP level 10. HP: 26/56 MP: 10/10
  9048 | D:7      | Reached **** piety under Okawaru
  9129 | D:6      | HP: 2/56 [killer bee (6)]
  9725 | D:7      | Found an ancient bone altar of Kikubaaqudgha.
  9808 | D:7      | Reached skill level 14 in Maces & Flails
 10316 | D:8      | Found Manok's General Store.
 10722 | D:9      | Found a staircase to the Lair.
 11119 | D:10     | Entered Level 10 of the Dungeon
 11314 | D:10     | Reached ***** piety under Okawaru
 11648 | D:10     | Reached skill level 15 in Maces & Flails
 11837 | D:10     | Got a crystal hand axe
 11838 | D:10     | Identified the +10 hand axe "Teestres" {elec, MR+++ Str+2
                  | Dex-5 Stlth+} (You found it on level 10 of the Dungeon)
 12089 | D:11     | Identified a scroll of acquirement
 12090 | D:11     | Got the amulet "Worotahy" {Faith rF+ Int-4 Dex+6 SInv}
 12103 | D:11     | Received a gift from Okawaru
 12103 | D:11     | Reached skill level 1 in Dodging
 12210 | D:11     | Found a gate leading to a gauntlet.
 12212 | D:11     | Noticed a cyan ugly thing
 12215 | D:11     | Noticed a cyan ugly thing
 12228 | D:11     | Killed a cyan ugly thing
 12228 | D:11     | Reached XP level 11. HP: 52/62 MP: 11/11
 12241 | D:11     | Killed a cyan ugly thing
 12241 | D:11     | Reached skill level 5 in Fighting
 12250 | Gauntlet | Entered a Gauntlet
 12250 | Gauntlet | Found a transporter.
 12250 | Gauntlet | Found a transporter.
 12250 | Gauntlet | Noticed a soul eater
 12356 | Gauntlet | Found a transporter.
 12356 | Gauntlet | Found a transporter.
 12357 | Gauntlet | Noticed a death drake
 12359 | Gauntlet | Found a transporter.
 12384 | Gauntlet | Found a transporter.
 12385 | Gauntlet | Found a transporter.
 12393 | Gauntlet | Found a transporter.
 12396 | Gauntlet | Noticed a wizard
 12398 | Gauntlet | Found a transporter.
 12422 | Gauntlet | Found a transporter.
 12423 | Gauntlet | Noticed a fire crab
 12444 | Gauntlet | Found a transporter.
 12447 | Gauntlet | Noticed a sixfirhy
 12524 | Gauntlet | Found a transporter.
 12658 | Gauntlet | Killed a wizard
 12722 | Gauntlet | Killed a sixfirhy
 12753 | Gauntlet | Killed a fire crab
 12753 | Gauntlet | Received a gift from Okawaru
 12836 | Gauntlet | Identified the cursed +1 rapier of the Fool {venom, rElec
                  | Stlth+}
 12836 | Gauntlet | Noticed a minotaur
 12849 | Gauntlet | Slain by a minotaur

Illustrated notes

Levels and vault maps discovered:
D:1:      minmay_arrival_nine_rooms, layout_basic
D:2:      layout_basic, lemuel_round_altar, kennysheep_jessica_study
D:3:      layout_rooms, uniq_robin
D:4:      layout_gridville, nemelex_spade_bored_becter
D:5:      layout_layer_cave, minmay_temple_entry_hall, first_ration
D:6:      kennysheep_big_flooded_room, layout_basic, lemuel_round_altar,
          grunt_dithmenos_shadows, kiku_gazebo_pond_becter
D:7:      layout_basic, chequers_temple_overflow_statue_of_worship, basic_altar
D:8:      layout_loops_ring, serial_shops, shop
D:9:      layout_roguey, lair_entry_dummy, uniq_erolcha
D:10:     layout_loops_ring, serial_rivers, chequers_serial_rivers_micro_e,
          chequers_serial_rivers_marsh, chequers_serial_rivers_large_a,
          chequers_serial_rivers_small_3, chequers_serial_rivers_micro_c,
          chequers_serial_rivers_room_a
D:11:     layout_basic, gauntlet_entry_generic, uniq_snorg
Temple:   eino_temple_scatter_basement
Gauntlet: gammafunk_gauntlet_shortcut [nicolae_gauntlet_swirl,
          gammafunk_gauntlet_arena_split_x, gammafunk_gauntlet_arena_grid,
          nicolae_gauntlet_arena_flowing_pool, gammafunk_gauntlet_arena_mazey,
          gammafunk_gauntlet_arena_corners, gauntlet_exit_spiral]

Skill      XL: |  1  2  3  4  5  6  7  8  9 10 11 |
---------------+----------------------------------+-----
Maces & Flails | 3 4 5 6 7 9 12 13 15 | 15.1
Dodging        | 2 4 |  4.3
Fighting       | 4 6 |  6.8
Armour         | |  3.2
Shields        | |  3.2

Action                   |  1- 3 |  4- 6 |  7- 9 | 10-12 || total
-------------------------+-------+-------+-------+-------++-------
Melee: Flail             |    94 |   224 |   284 |       ||   602
       Trident           |       |       |   176 |    49 ||   225
       Mace              |       |       |       |   274 ||   274
       Hand axe          |       |       |       |    51 ||    51
Throw: Dart              |       |       |       |     2 ||     2
Invok: Finesse           |       |       |       |     3 ||     3
  Use: Scroll            |       |     5 |     2 |     7 ||    14
       Potion            |       |       |     1 |     9 ||    10
  Eat: Chunk             |     1 |     9 |    13 |     9 ||    32
       Ration            |       |       |     4 |     2 ||     6
Armor: Scale mail        |    70 |   143 |    48 |       ||   261
       Ring mail         |       |       |   256 |   165 ||   421
Dodge: Dodged            |    53 |    80 |   224 |   173 ||   530
Block: Kite shield       |    67 |   143 |   135 |       ||   345
       Buckler           |       |       |    54 |    55 ||   109
